 Dungeon Crawl Stone Soup version 0.21-a0-321-g91e3373 (webtiles) character file.

80 aspa the Twirler (level 4, -2/38 HPs)
             Began as a Gnoll Wanderer on Sept 30, 2017.
             Slain by an orc wizard
             ... wielding a +0 dagger
              (4 damage)
             ... on level 2 of the Dungeon.
             The game lasted 00:04:08 (1072 turns).

aspa the Twirler (Gnoll Wanderer)                   Turns: 1072, Time: 00:04:09

Health: -2/38      AC:  2    Str: 18    XL:     4   Next: 39%
Magic:  4/4        EV: 12    Int: 13    God:
Gold:   56         SH:  0    Dex: 13    Spells: 3/3 levels left

rFire    . . .     SeeInvis .   a - +2 quarterstaff
rCold    . . .     Gourm    .   (shield currently unavailable)
rNeg     . . .     Faith    .   e - +0 robe
rPois    .         Spirit   .   (no helmet)
rElec    .         Reflect  .   (no cloak)
rCorr    .         Harm     .   (no gloves)
MR       .....                  (no boots)
Stlth    +++.......             (no amulet)
HPRegen  0.12/turn              (no ring)
MPRegen  0.09/turn              (no ring)

@: no status effects
A: distributed training, fangs 1, strong nose
a: no special abilities


You were on level 2 of the Dungeon.
You were not hungry.

You visited 1 branch of the dungeon, and saw 3 of its levels.

You collected 56 gold pieces.

Inventory:

Hand Weapons
 a - a +2 quarterstaff (weapon)
 b - a +0 shortbow
 f - a +0 dagger
 h - a +0 dagger
 i - a +1 hand axe of chopping
 q - a cursed -3 whip
Missiles
 d - 19 arrows
Armour
 e - a +0 robe (worn)
Scrolls
 k - 3 scrolls of remove curse {unknown}
 l - a scroll of recharging {unknown}
 m - 3 scrolls of amnesia {unknown}
 n - a scroll of teleportation {unknown}
Potions
 c - a potion of lignification
 j - 2 potions of curing {unknown}
 p - 2 potions of brilliance {unknown}
Comestibles
 g - a bread ration
 o - 5 chunks of flesh
 r - a fruit


   Skills:
 + Level 4.5 Fighting
 + Level 0.8 Short Blades
 + Level 1.7 Long Blades
 + Level 1.7 Axes
 + Level 0.0 Maces & Flails
 + Level 0.8 Polearms
 + Level 6.5 Staves
 + Level 1.7 Slings
 + Level 4.7 Bows
 + Level 0.8 Crossbows
 + Level 2.6 Throwing
 + Level 0.8 Armour
 + Level 1.3 Dodging
 + Level 4.5 Stealth
   Level 0.0 Stabbing
 + Level 1.3 Shields
   Level 0.0 Traps
 + Level 0.8 Unarmed Combat
 + Level 0.0 Spellcasting
 + Level 1.3 Conjurations
 + Level 1.3 Hexes
 + Level 1.7 Charms
 + Level 1.7 Summonings
 + Level 0.0 Necromancy
 + Level 0.8 Translocations
 + Level 0.8 Transmutations
 + Level 1.7 Fire Magic
 + Level 0.8 Ice Magic
 + Level 1.3 Air Magic
 + Level 0.8 Earth Magic
 + Level 0.0 Poison Magic
 + Level 0.0 Invocations
 + Level 0.0 Evocations


You had 3 spell levels left.
You didn't know any spells.

Dungeon Overview and Level Annotations

Branches:
Dungeon (3/15)

Altars:
Wu Jian
Yredelemnul


Innate Abilities, Weirdness & Mutations

Your experience applies equally to all skills.
You have very sharp teeth.
Your uncanny sense of smell can sniff out nearby items.


Message History

b - a +0 shortbow (weapon)
The orc priest looks satisfied for a moment.
a - a +2 quarterstaff (weapon)
The orc wizard gestures at you while chanting.
The puff of flame hits you!
You hit the orc wizard.
The orc wizard is moderately wounded.
The orc wizard hits you with a dagger.
You hit the orc wizard.
The orc wizard is heavily wounded.
The orc wizard misses you. The orc priest barely misses you.
The orc wizard hits you with a dagger.
You hit the orc wizard but do no damage.
The orc wizard is heavily wounded.
The orc wizard hits you with a dagger. The orc priest closely misses you.
The orc priest calls down the wrath of Beogh upon you.
Beogh smites you!
* * * LOW HITPOINT WARNING * * *
The orc wizard hits you with a dagger.
You die...

#####.#######.. ..#
#.........##...
#.(..#####......##.#....
..(.(oogo(.........+....
..########o.....##.#....
#.o)g..).....##...
#.###.###.######.. ∆ #o#
#.# #.# ##. #@# #.###.#
## #.# #.....# #
#.#######.# #
#.........# ##
#########.# ##. #.# #..
#.#######. #.........
##########


You could see an orc priest and an orc wizard.

Vanquished Creatures
  Jessica (D:2)
  A gnoll (D:1)
  An ooze (D:1)
  2 worms (D:2)
  2 dart slugs
  A leopard gecko (D:1)
  An orc (D:2)
  3 giant cockroaches
  3 goblins
  4 hobgoblins
  A ball python (D:1)
  A bat (D:2)
  4 kobolds (D:1)
  6 rats (D:1)
31 creatures vanquished.

Notes
Turn   | Place    | Note
-------+----------+-------------------------------------------
     0 | D:1      | aspa the Gnoll Wanderer began the quest for the Orb.
     0 | D:1      | aspa set off with: a +2 quarterstaff, a potion of lignification, a +0 shortbow, 27 arrows, a +0 robe, a +0 dagger, a bread ration
     0 | D:1      | Reached XP level 1. HP: 20/20 MP: 1/1
   156 | D:1      | Reached skill level 1 in Hexes
   156 | D:1      | Reached skill level 1 in Summonings
   156 | D:1      | Reached XP level 2. HP: 26/26 MP: 2/2
   163 | D:1      | Reached skill level 1 in Axes
   185 | D:1      | Reached skill level 1 in Charms
   489 | D:1      | Reached skill level 1 in Long Blades
   489 | D:1      | Reached skill level 1 in Fire Magic
   489 | D:1      | Reached XP level 3. HP: 31/31 MP: 3/3
   694 | D:2      | Noticed Jessica
   708 | D:2      | Killed Jessica
   708 | D:2      | Reached skill level 1 in Dodging
   708 | D:2      | Reached skill level 1 in Shields
   708 | D:2      | Reached skill level 1 in Conjurations
   708 | D:2      | Reached skill level 1 in Air Magic
   708 | D:2      | Reached XP level 4. HP: 28/38 MP: 4/4
   742 | D:2      | Reached skill level 1 in Slings
   969 | D:3      | Found a basalt altar of Yredelemnul.
   971 | D:3      | Found an ornate altar of the Wu Jian Council.
  1072 | D:2      | Slain by an orc wizard

Vault maps used:
D:1:      mrwooster_arrival_statue_2, minmay_bisected
D:2:      uniq_jessica
D:3:      nicolae_overflow_hidden_temple

Skill      XL: |  1  2  3  4 |
---------------+-------------+-----
Hexes          | 1 |  1.3
Summonings     | 1 |  1.7
Axes           | 1 |  1.7
Charms         | 1 |  1.7
Long Blades    | 1 |  1.7
Fire Magic     | 1 |  1.7
Dodging        | 1 |  1.3
Shields        | 1 |  1.3
Conjurations   | 1 |  1.3
Air Magic      | 1 |  1.3
Slings         | 1 |  1.7
Fighting       | |  4.5
Short Blades   | |  0.8
Polearms       | |  0.8
Staves         | |  6.5
Bows           | |  4.7
Crossbows      | |  0.8
Throwing       | |  2.6
Armour         | |  0.8
Stealth        | |  4.5
Unarmed Combat | |  0.8
Translocations | |  0.8
Transmutations | |  0.8
Ice Magic      | |  0.8
Earth Magic    | |  0.8

Action                   |  1- 3 |  4- 6 || total
-------------------------+-------+-------++-------
Melee: Quarterstaff      |    41 |    14 ||    55
       Bite              |     6 |       ||     6
 Fire: Shortbow          |     7 |    17 ||    24
 Stab: Sleeping          |     2 |     2 ||     4
Armor: Robe              |     3 |     2 ||     5
Dodge: Dodged            |    18 |    10 ||    28

Table legend:
 A = Spawn XP
 B = Non-spawn XP
 C = Spawn XP percentage of total XP
 D = Spawn monster count
 E = Non-spawn monster count
 F = Spawn count percentage of total count
 G = Total turns spent on level
                    A         B        C        D         E        F      G
               +---------+---------+-------+---------+---------+-------+---------
         Total |       0 |     115 |   0.0 |       0 |      31 |   0.0 |  1072
               +---------+---------+-------+---------+---------+-------+---------
           D:1 |       0 |      50 |   0.0 |       0 |      20 |   0.0 |   682
           D:2 |       0 |      65 |   0.0 |       0 |      11 |   0.0 |   381
               +---------+---------+-------+---------+---------+-------+---------
